details: 'delroy is a big baby'

« prev index next »

General information

Mini Map

Players

team 1
Random» HumanTrumpIsUrPrez (yellow | 102 APM | 1464 actions | 14:19)
Hero icon 4 Archmage
Ability icon 2 Summon Water Elemental
Ability icon 2 Brilliance Aura
Hero icon 3 Mountain King
Ability icon 2 Storm Bolt
Ability icon 1 Bash
Hero icon 3 Paladin
Ability icon 2 Holy Light
Ability icon 1 Divine Shield

» actions
Assign group hotkey54
Basic commands169
Build / train58
Enter build submenu29
Enter hero's abilities submenu10
Give item / drop item1
Right click374
Select / deselect278
Select group hotkey433
Use ability57
1464 total
» units
Peasant17
Footman1
Gryphon Rider2
Dragonhawk Rider4
24 total
» upgrades
Lumber Harvesting2
Storm Hammers1
Cloud1
Animal War Training1
Swords3
Armor2
10 total
» buildings
Lumber Mill1
Altar of Kings1
Farm11
Barracks1
Town Hall2
Scout Tower5
Keep2
Arcane Tower2
Guard Tower3
Castle2
Gryphon Aviary3
Blacksmith1
Arcane Vault1
35 total
» build order
00:19 Lumber Mill
00:34 Altar of Kings
00:50 Farm
01:06 Barracks
01:19 Farm
01:50 Farm
03:45 Town Hall
03:49 Town Hall
03:53 Farm
03:53 Scout Tower
03:57 Scout Tower
03:57 Farm
04:01 Scout Tower
04:02 Farm
04:15 Keep
04:25 Scout Tower
04:31 Farm
04:34 Arcane Tower
04:49 Scout Tower
04:53 Guard Tower
04:58 Guard Tower
05:41 Arcane Tower
06:31 Guard Tower
06:37 Castle
06:37 Castle
06:40 Gryphon Aviary
06:42 Gryphon Aviary
06:51 Gryphon Aviary
06:54 Blacksmith
06:59 Arcane Vault
07:06 Farm
07:32 Farm
07:41 Farm
08:21 Farm
Humanrushifgreen (red | 33 APM | 15 actions | 00:27)

» actions
Build / train4
Enter build submenu1
Right click4
Select / deselect5
Use ability1
15 total
» units
Peasant4
4 total
» buildings
Barracks1
1 total
» build order
00:23 Barracks
NightElfNotSoBad (blue | 115 APM | 1641 actions | 14:19)
Hero icon 4 Priestess of the Moon
Ability icon 2 Trueshot Aura
Ability icon 2 Scout
Hero icon 3 Paladin
Ability icon 2 Holy Light
Ability icon 1 Devotion Aura

» actions
Assign group hotkey38
Basic commands92
Build / train123
Enter build submenu53
Enter hero's abilities submenu8
Give item / drop item3
Right click545
Select / deselect378
Select group hotkey262
Use ability139
1641 total
» units
Wisp29
Peasant21
Footman2
Archer1
Rifleman9
Huntress2
Druid of the Claw7
Mortar Team3
74 total
» upgrades
Gunpowder2
Masonry2
Druid of the Claw Training2
Strength of the Wild3
Reinforced Hides1
Lumber Harvesting1
Long Rifles1
Mark of the Claw1
13 total
» buildings
Altar of Elders1
Moon Well8
Farm12
Ancient of War2
Altar of Kings1
Blacksmith1
Hunter's Hall1
Tree of Life2
Scout Tower8
Arcane Tower3
Tree of Ages1
Lumber Mill1
Town Hall1
Guard Tower5
Ancient of Lore2
Keep1
Tree of Eternity1
Workshop3
Castle2
56 total
» build order
00:08 Altar of Elders
00:21 Moon Well
00:36 Farm
00:40 Ancient of War
00:50 Altar of Kings
01:11 Farm
01:35 Moon Well
01:35 Moon Well
02:01 Blacksmith
02:07 Farm
02:31 Hunter's Hall
03:13 Tree of Life
03:23 Farm
03:28 Farm
03:43 Scout Tower
03:47 Farm
04:01 Arcane Tower
04:01 Arcane Tower
05:14 Tree of Ages
05:17 Ancient of War
05:19 Moon Well
05:44 Lumber Mill
06:21 Scout Tower
06:45 Town Hall
06:48 Scout Tower
06:48 Scout Tower
06:49 Scout Tower
07:16 Tree of Life
07:46 Guard Tower
07:48 Guard Tower
08:07 Scout Tower
08:08 Scout Tower
08:10 Scout Tower
08:23 Ancient of Lore
08:27 Ancient of Lore
08:34 Keep
08:59 Moon Well
08:59 Moon Well
09:00 Moon Well
09:13 Farm
09:13 Farm
09:23 Guard Tower
09:44 Guard Tower
09:44 Guard Tower
09:49 Tree of Eternity
11:08 Workshop
11:08 Workshop
11:08 Workshop
11:31 Moon Well
11:49 Castle
12:58 Farm
12:59 Farm
13:04 Farm
13:04 Farm
13:33 Castle
» items
Circlet of Nobility1
Scroll of Healing2
Scroll of Protection2
5 total
Random» NightElfJwood (purple | 37 APM | 530 actions | 14:19)
Hero icon 1 Demon Hunter
Ability icon 1 Mana Burn

» actions
Build / train45
Enter build submenu25
Enter hero's abilities submenu1
Right click196
Select / deselect230
Use ability33
530 total
» units
Wisp41
Huntress1
42 total
» buildings
Moon Well7
Hunter's Hall2
Ancient of War4
Altar of Elders2
Ancient Protector4
Tree of Ages1
Tree of Life1
21 total
» build order
00:32 Moon Well
00:49 Hunter's Hall
01:27 Ancient of War
01:55 Altar of Elders
02:05 Moon Well
02:19 Moon Well
02:56 Ancient Protector
03:03 Ancient Protector
03:18 Ancient Protector
04:00 Ancient Protector
06:22 Tree of Ages
06:48 Altar of Elders
09:21 Tree of Life
11:54 Moon Well
11:56 Moon Well
12:19 Hunter's Hall
12:51 Moon Well
12:54 Moon Well
13:47 Ancient of War
13:49 Ancient of War
13:59 Ancient of War
team 2
OrcTheFlash (pink | 44 APM | 254 actions | 05:47)

» actions
Build / train11
Enter build submenu21
Right click102
Select / deselect104
Use ability16
254 total
» units
Peon11
11 total
» buildings
War Mill1
Orc Burrow1
Watch Tower11
13 total
» build order
00:20 War Mill
01:06 Orc Burrow
01:34 Watch Tower
01:42 Watch Tower
02:11 Watch Tower
02:29 Watch Tower
03:01 Watch Tower
03:23 Watch Tower
03:47 Watch Tower
04:12 Watch Tower
04:38 Watch Tower
04:52 Watch Tower
05:26 Watch Tower
Random» OrcDelroy (green | 32 APM | 464 actions | 14:19)
Hero icon 2 Blademaster
Ability icon 1 Wind Walk
Ability icon 1 Critical Strike

» actions
Basic commands7
Build / train33
ESC pressed1
Enter build submenu8
Enter hero's abilities submenu2
Remove unit from queue7
Right click210
Select / deselect162
Use ability34
464 total
» units
Peon19
19 total
» upgrades
Spiked Barricades1
1 total
» buildings
Altar of Storms1
Voodoo Lounge2
Orc Burrow1
War Mill1
Great Hall2
Watch Tower1
Stronghold1
9 total
» build order
00:13 Altar of Storms
00:40 Voodoo Lounge
00:43 Orc Burrow
00:59 War Mill
01:07 Voodoo Lounge
03:04 Great Hall
06:35 Great Hall
06:51 Watch Tower
12:35 Stronghold
Humannageslornge (teal | 44 APM | 131 actions | 02:59)
Hero icon 1 Archmage
Ability icon 1 Summon Water Elemental

» actions
Assign group hotkey2
Build / train16
Enter build submenu8
Enter hero's abilities submenu1
Right click65
Select / deselect34
Use ability5
131 total
» units
Peasant11
Footman3
14 total
» buildings
Altar of Kings1
Farm3
Barracks1
5 total
» build order
00:40 Altar of Kings
00:51 Farm
01:11 Barracks
01:33 Farm
01:58 Farm
HumanAwayLeaveMsg (orange | 56 APM | 802 actions | 14:19)
Hero icon 2 Archmage
Ability icon 1 Blizzard
Ability icon 1 Brilliance Aura

» actions
Assign group hotkey37
Basic commands32
Build / train29
Enter build submenu48
Enter hero's abilities submenu2
Give item / drop item1
Right click317
Select / deselect163
Select group hotkey90
Use ability83
802 total
» units
Peasant8
Peon3
11 total
» upgrades
Masonry1
1 total
» buildings
Altar of Kings2
Farm3
Orc Burrow3
Altar of Storms2
Keep2
Lumber Mill1
Scout Tower11
Watch Tower23
Guard Tower6
Arcane Tower1
Great Hall1
55 total
» build order
00:09 Altar of Kings
00:09 Farm
00:12 Altar of Kings
06:55 Orc Burrow
06:57 Altar of Storms
07:00 Altar of Storms
07:48 Keep
07:53 Lumber Mill
08:06 Scout Tower
08:07 Scout Tower
08:07 Scout Tower
08:11 Scout Tower
08:12 Scout Tower
08:15 Watch Tower
08:15 Watch Tower
08:16 Watch Tower
08:16 Watch Tower
08:29 Scout Tower
08:29 Scout Tower
08:29 Scout Tower
08:30 Scout Tower
08:30 Scout Tower
08:32 Scout Tower
08:35 Guard Tower
08:36 Guard Tower
08:45 Guard Tower
08:47 Guard Tower
08:56 Watch Tower
08:58 Watch Tower
09:13 Arcane Tower
09:15 Guard Tower
09:20 Watch Tower
09:21 Watch Tower
09:24 Watch Tower
09:24 Watch Tower
09:35 Farm
09:35 Farm
09:52 Orc Burrow
09:57 Orc Burrow
11:08 Great Hall
11:15 Keep
11:20 Watch Tower
11:21 Watch Tower
11:21 Watch Tower
11:27 Watch Tower
11:27 Watch Tower
11:32 Watch Tower
11:32 Watch Tower
11:44 Watch Tower
11:44 Watch Tower
11:45 Watch Tower
11:45 Watch Tower
11:52 Watch Tower
» items
Healing Salve1
Boots of Speed1
Periapt of Vitality1
Staff of Teleportation1
4 total

Chat log

(00:19 / All) Delroy: yellow
(00:21 / All) Delroy: tell me
(00:23 / Allies) nageslornge: suh doods
(00:27 / All) Delroy: im an american and idgaf.
(00:28 / All) Delroy: our country is trash
(00:31 / All) nageslornge: so w,e u DGAF
(00:34 / All) AwayLeaveMsg: that's because you're pond scum
(00:39 / All) nageslornge: LOL ur country is awesome
(00:46 / All) Delroy: is it?
(00:51 / All) Delroy: go on implore me
(00:54 / All) nageslornge: pretty insane GDP
(01:04 / All) TrumpIsUrPrez: ya its awesome
(01:08 / All) AwayLeaveMsg: We don't have enough rapefugees!
(01:15 / All) nageslornge: yea
(01:18 / All) nageslornge: you need more
(01:22 / All) nageslornge: /s
(01:42 / Allies) Delroy: LMFAO
(01:51 / Allies) nageslornge: LOL
(02:11 / Allies) Delroy: LMFAO
(02:16 / All) AwayLeaveMsg: BEAT IT
(02:17 / All) AwayLeaveMsg: BEAT IT
(02:20 / All) AwayLeaveMsg: NO ONE WANTS TO BE DEFEATED
(02:22 / Allies) Delroy: a tower rush and a TK!"
(02:26 / Allies) Delroy: what a game
(02:36 / All) AwayLeaveMsg: THIS IS FOR HARASSING ME WITH HIPPO RIDERS
(02:54 / Allies) nageslornge: lol wtf?

(04:56 / All) AwayLeaveMsg: did they fix it to where you couldn't edge near the shop without drawing aggro
(05:07 / All) AwayLeaveMsg: because I haven't been successful at that in a very long time
(05:18 / Allies) TheFlash: LOL
(05:29 / All) AwayLeaveMsg: BEAT IT
(05:30 / All) AwayLeaveMsg: BEAT IT
(05:34 / All) AwayLeaveMsg: NO ONE WANTS TO BE DEFEATED
(06:16 / All) AwayLeaveMsg: BEAT IT
(06:17 / All) AwayLeaveMsg: BEAT IT
(06:20 / All) AwayLeaveMsg: NO ONE WANTS TO BE DEFEATED

(07:41 / All) NotSoBad: rofl noob

(09:08 / All) Delroy: i thought this game would be fun
(09:22 / All) Delroy: but after trying it for over 700 games its sort of more depressing than real life..
(10:02 / All) NotSoBad: towers are funny
(10:10 / All) Delroy: its orange..
(10:16 / All) Delroy: he killed me now hes just massing towers all over.
(10:22 / All) NotSoBad: nice plane
(10:27 / All) NotSoBad: always tk delroy i guess
(10:53 / Allies) AwayLeaveMsg: PUSSY!
(10:57 / Allies) AwayLeaveMsg: FIGHT THIS BATTLE
(11:02 / Allies) AwayLeaveMsg: you doomed us
(11:02 / All) Delroy: now he thinks i should be there fighting.
(11:07 / All) Delroy: with him lmfao
(11:10 / All) NotSoBad: sure
(11:13 / All) NotSoBad: he is right

(13:18 / All) Delroy: LOL
(13:25 / All) AwayLeaveMsg: TK
(13:26 / All) AwayLeaveMsg: TK
(13:51 / All) AwayLeaveMsg: Tsk
(14:05 / All) AwayLeaveMsg: This could have been an all time great game if delroy wasn't such a baby
(14:19 / All) Delroy: uhh... sure